 Dungeon Crawl Stone Soup version 0.30-a0-937-ga0a21ad780 (webtiles) character file.

Game seed: 10305815110496567399

564 Darius099 the Cleaver (level 7, -1/57 HPs)
             Began as a Minotaur Fighter on Mar 25, 2023.
             Slain by an orc
             ... wielding a +0 flail
              (8 damage)
             ... on level 5 of the Dungeon.
             The game lasted 00:04:40 (3279 turns).

Darius099 the Cleaver (Minotaur Fighter)            Turns: 3279, Time: 00:04:40

Health: -1/57      AC:  3    Str: 25    XL:     7   Next: 10%
Magic:  6/6        EV: 12    Int:  5    God:
Gold:   210        SH:  9    Dex:  9    Spells: 6/6 levels left

rFire   . . .      SeeInvis .    a - +0 war axe
rCold   . . .      Faith    .    c - +0 buckler
rNeg    + . .      Spirit   .    q - +0 chain mail
rPois   .          Reflect  +    b - +2 hat of Sif Muna's Anger {rN+ Str+2}
rElec   .          Rampage  .    (no cloak)
rCorr   .                        (no gloves)
Will    .....                    (no boots) Stlth
                                 m - amulet of reflection
HPRegen 0.29/turn                p - +5 ring of evasion
MPRegen 0.10/turn                (no ring)

@: corroded
A: horns 2, retaliatory headbutt
a: no special abilities


You were on level 5 of the Dungeon.
You visited 1 branch of the dungeon, and saw 5 of its levels.

You collected 210 gold pieces.

Inventory:

Hand Weapons
 a - a +0 war axe (weapon)
Armour
 b - the +2 hat of Sif Muna's Anger (worn) {rN+ Str+2}
   (You found it on level 3 of the Dungeon)

   Str:       It affects your strength (+2).
   rN:        It protects you from negative energy.
 c - a +0 buckler (worn)
 q - a +0 chain mail (worn)
Jewellery
 m - an amulet of reflection (around neck)
 p - a +5 ring of evasion (left hand)
Wands
 s - a wand of paralysis (9)
Scrolls
 g - 5 scrolls of identify {unknown}
 h - a scroll of vulnerability {unknown}
 j - a scroll of torment {unknown}
 l - 3 scrolls of teleportation {unknown}
 v - a scroll of fog {unknown}
 w - a scroll of immolation {unknown}
Potions
 d - 2 potions of might
 e - 2 potions of berserk rage {unknown}
 f - 3 potions of curing {unknown}
 i - 2 potions of degeneration {unknown}
 k - 3 potions of haste {unknown}
 n - a potion of ambrosia {unknown}
 o - 2 potions of brilliance {unknown}
 r - 3 potions of heal wounds
 t - a potion of mutation {unknown}
 u - a potion of attraction {unknown}


   Skills:
 - Level 3.6 Fighting
 + Level 9.4 Axes
 - Level 3.6 Armour
 - Level 3.6 Shields


You had 6 spell levels left.
You didn't know any spells.
Your spell library contained the following spells:

 Spells                   Type           Power      Damage    Failure   Level
 Cigotuvi's Dreadful Rot  Necr/Pois/Air  0%         N/A       100%        2
 Static Discharge         Conj/Air       0%         2-2/arc   100%        2
 Vhi's Electric Charge    Tloc/Air       0%         N/A       100%        3
 Dispel Undead            Necr           0%         3d6       100%        4
 Arcjolt                  Conj/Air       0%         1d10      100%        5
 Plasma Beam              Fire/Air       0%         2x1d11    100%        5
 Death Channel            Necr           0%         N/A       100%        6


Dungeon Overview and Level Annotations

Branches:
Dungeon (5/15)
 Temple: D:4-7

Altars:
Hepliaklqana
Qazlal
Ru
Vehumet
Xom
The Shining One


Innate Abilities, Weirdness & Mutations

You have a pair of horns on your head.
You reflexively headbutt those who attack you in melee.


Message History

You have reached level 7!
You block the jelly's attack.
You slash the jelly! The acid corrodes you!
Your hands burn!
The jelly is severely wounded.
The jelly hits you. The acid corrodes you!
You are splashed with acid!
You hit the jelly.
Your hands burn!
The jelly is severely wounded.
You block the jelly's attack.
You slash the jelly!
You kill the jelly!
You block the orc's attack.
The orc hits you with a +1 trident of freezing!
The orc freezes you.
You hit the orc. Your headbutt misses the orc.
The orc is heavily wounded.
You slash the orc!
You kill the orc!
You block the orc's attack.
You closely miss the orc. You hit the orc but do no damage.
The orc barely misses you. You block the orc's attack. x2
You slash the orc!
You kill the orc!
You hit the orc. You block the orc's attack. The orc barely misses you. x2
The orc hits you with a +0 flail!
* * * LOW HITPOINT WARNING * * *
You block the orc's attack.
You barely miss the orc. You hit the orc but do no damage. The orc misses you.
The orc hits you with a +0 flail!
* * * LOW HITPOINT WARNING * * *
You block the orc's attack.
You closely miss the orc. You barely miss the orc.
You block the orc's attack. x3
You hit the orc.
The orc is severely wounded.
You closely miss the orc. You block the orc's attack. x3
You closely miss the orc.
The orc is severely wounded.
You hit the orc.
You kill the orc!
The orc closely misses you. The orc hits you with a +0 flail!
You die...

... ##......#
#....<..+
#....)..###### ###
...?...##...##...##
#<..........>.....#
##.........@)..!..?#
#...........oo.....#
#.................$#
##'############...##
###.......##..<##...#
#..............<.#
....
#..##.............#
?..
#.###+++###.......#
...
#.#.......#.......+


You could see 2 orcs.

Vanquished Creatures
  A black bear (D:5)
  An ogre (D:3)
  A phantom (D:5)
  A jelly (D:5)
  A hound (D:4)
  An orc priest (D:4)
  An iguana (D:4)
  An orc wizard (D:3)
  4 gnolls (D:4)
  2 adders (D:4)
  4 worms
  4 dart slugs
  26 orcs
  3 endoplasms
  5 giant cockroaches
  3 goblins
  10 hobgoblins
  3 jackals (D:2)
  4 kobolds
  2 quokkas
  8 ball pythons
  3 bats
  3 frilled lizards
  2 rats (D:1)
94 creatures vanquished.

Notes
Turn   | Place    | Note
-------+----------+-------------------------------------------
     0 | D:1      | Darius099 the Minotaur Fighter began the quest for the Orb.
     0 | D:1      | Reached XP level 1. HP: 19/19 MP: 0/0
    66 | D:1      | Reached skill level 3 in Axes
   118 | D:1      | Reached XP level 2. HP: 26/26 MP: 1/1
   421 | D:1      | Reached skill level 4 in Axes
   812 | D:2      | Reached XP level 3. HP: 31/31 MP: 2/2
  1472 | D:2      | Reached skill level 5 in Axes
  1708 | D:3      | Found a stormy altar of Qazlal.
  1708 | D:3      | Found a shimmering altar of Xom.
  1738 | D:3      | Found a sacrificial altar of Ru.
  1750 | D:3      | Reached XP level 4. HP: 39/39 MP: 3/3
  1986 | D:3      | Identified the +2 hat of Sif Muna's Anger {rN+ Str+2}
  2651 | D:4      | Noticed an ogre
  2664 | D:3      | Killed an ogre
  2665 | D:3      | Reached skill level 6 in Axes
  2665 | D:3      | Reached XP level 5. HP: 45/45 MP: 4/4
  2774 | D:4      | Reached skill level 7 in Axes
  2827 | D:4      | Found a hazy altar of Hepliaklqana.
  2890 | D:4      | Reached XP level 6. HP: 51/51 MP: 5/5
  2945 | D:4      | Reached skill level 8 in Axes
  3093 | D:4      | Found a glowing golden altar of the Shining One.
  3237 | D:5      | Entered Level 5 of the Dungeon
  3240 | D:5      | Found a radiant altar of Vehumet.
  3266 | D:5      | Reached skill level 9 in Axes
  3266 | D:5      | Reached XP level 7. HP: 48/57 MP: 6/6
  3279 | D:5      | Slain by an orc

Illustrated notes

Levels and vault maps discovered:
D:1:      minmay_arrival_doors, layout_basic, serial_park_tiny_pond
D:2:      layout_loops_corners
D:3:      layout_rooms, nicolae_ru_great_annihilating_truth,
          grunt_temple_overflow_open, grunt_decor_junction,
          minmay_stone_trees_small, nrook_mini_vaults, roderic_roman_lattice
D:4:      layout_rooms, tso_oasis_becter, mainiacjoe_overflow_small_starburst
D:5:      layout_gridville, grunt_temple_overflow_gold_and_silver, tgw_fedhas,
          mainiacjoe_overflow_alcove_4, minmay_temple_entry_sparse_star

Skill      XL: |  1  2  3  4  5  6 |
---------------+-------------------+-----
Axes           | 3 4 5 6 7 9 |  9.4
Fighting       | |  3.6
Armour         | |  3.6
Shields        | |  3.6

Action                     |  1- 3 |  4- 6 |  7- 9 || total
---------------------------+-------+-------+-------++-------
  Melee: War axe           |    94 |   105 |    11 ||   210
         Headbutt          |    12 |    13 |       ||    25
   Stab: Paralysed         |       |     1 |       ||     1
 Armour: Scale mail        |    40 |     4 |       ||    44
         Chain mail        |       |    27 |       ||    27
  Dodge: Dodged            |    36 |    52 |     5 ||    93
  Block: Buckler           |    16 |    52 |    15 ||    83
         Reflection        |       |     5 |       ||     5

Table legend: (Time is in decaauts)
 A = Elapsed time spent in this place.
 B = Non-inter-level travel time spent in this place.
 C = Inter-level travel time spent in this place.
 D = Time resting spent in this place.
 E = Time spent auto-exploring this place.
 F = Levels seen in this place.
 G = Mean time per level.
                   A        B        C        D        E       F      G
               +--------+--------+--------+--------+--------+-----+--------+
         Total |   3329 |   3159 |    170 |    500 |   1965 |   5 |  665.8 |
       Dungeon |   3329 |   3159 |    170 |    500 |   1965 |   5 |  665.8 |
               +--------+--------+--------+--------+--------+-----+--------+

Top non-repeatable levels by time:
     D:3: 1138 daAuts
     D:2: 938 daAuts
     D:1: 721 daAuts
     D:4: 488 daAuts
     D:5: 44 daAuts
